 Dungeon Crawl Stone Soup version 0.27.1-4-g1640c2035a (webtiles) character file.

Game seed: 13893196105043500845

24 raph the Magician (level 3, 26/26 HPs)
             Began as a Djinni Fire Elementalist on Nov 13, 2021.
             Was a Follower of Trog.
             Got out of the dungeon alive.
             The game lasted 00:01:11 (1110 turns).

raph the Magician (Djinni Fire Elementalist)        Turns: 1110, Time: 00:01:12

Health: 26/26      AC:  2    Str:  7    XL:     3   Next: 15%
Gold:   32         EV: 12    Int: 17    God:    Trog [*.....] SH:  0 Dex: 13

rFire    + + .     SeeInvis .   d - +0 dagger
rCold    x . .     Faith    .   (no shield)
rNeg     . . .     Spirit   .   a - +0 robe
rPois    ∞         Reflect  .   (no helmet)
rElec    .         Harm     .   (no cloak)
rCorr    .         Rampage  .   (no gloves)
Will     .....                  (boots unavailable)
Stlth    ++........             (no amulet)
HPRegen  0.08/turn              (no ring)
MPRegen  0.00/turn              (no ring)

@: flying
A: sickness immunity, fire resistance 2, cold vulnerability 1, float, innate
caster, hp casting, extra vitality 1
a: Renounce Religion, Berserk


You escaped.
You worshipped Trog.
Trog was aware of your devotion.
You visited 1 branch of the dungeon, and saw 1 of its levels.

You collected 32 gold pieces.

Inventory:

Hand Weapons
 d - a +0 dagger (weapon)
Armour
 a - a +0 robe (worn)
Scrolls
 b - 2 scrolls of identify {unknown}
 e - a scroll of fear {unknown}
 f - a scroll of acquirement {unknown}
Potions
 c - 2 potions of cancellation {unknown}


   Skills:
 + Level 0.9 Fighting
 + Level 2.5 Dodging
 + Level 1.9 Stealth
 - Level 2.7 Spellcasting


You couldn't memorise any spells.
You knew the following spells:

 Your Spells              Type           Power      Damage    Failure   Level
a - Foxfire               Conj/Fire      44%        2x1d6     6%          1
b - Conjure Flame         Conj/Fire      11%        6-21      17%         3
c - Inner Flame           Hex/Fire       11%        N/A       17%         3
d - Sticky Flame          Conj/Fire      11%        2d3       50%         4
e - Fireball              Conj/Fire      5%         3d5       85%         5
f - Freeze                Ice            44%        1d6       6%          1
Your spell library was empty.

Dungeon Overview and Level Annotations

Branches:
Dungeon (1/15)

Altars:
Trog


Innate Abilities, Weirdness & Mutations

You are immune to sickness and miasma.
You are immune to poison.
Your flesh is very heat resistant. (rF++)
You are vulnerable to cold. (rC-)
You float through the air rather than walking.
You learn spells naturally, not from books.
Your magical power is your life essence.
You have superior vitality. (+4 HP)


Message History

The foxfire hits the goblin.
You kill the goblin!
Your foxfire dissipates!
Things that are here:
a +0 club; a goblin corpse
There is an open door here.
You reach down and open the door.
There is an open door here.
Found a faded altar of an unknown god.
Found a scroll labelled AFAETHR OTUWAL and 11 gold pieces.
Found 6 gold pieces.
Found a stone staircase leading down.
You now have 26 gold pieces (gained 11).
Found a club.
You now have 32 gold pieces (gained 6).
Found a scroll labelled SOR TAEMAANI.
e - a scroll labelled AFAETHR OTUWAL
b - 2 scrolls labelled SOR TAEMAANI (gained 1)
Found a scroll labelled OCYTZUPEUGH.
f - a scroll labelled OCYTZUPEUGH Key pressed, stopping explore.
A rat comes into view.
A rat is nearby!
A rat is nearby!
Casting: Foxfire (safe; 6% risk of failure)
Confirm with . or Enter, or press ? or * to list all spells.
You conjure some foxfire!
There is a faded altar of an unknown god here.
You cannot tell which god this altar belongs to.
Convert to them anyway?
Okay, then.
Unknown command.
Press < or > to pray at altars.
You cannot tell which god this altar belongs to.
Convert to them anyway?
Trog accepts your prayer! Trog welcomes you!
You can now go berserk at will.
There is a stone staircase leading down here.
There is a staircase leading out of the dungeon here.
Are you sure you want to leave the Dungeon?
This will make you lose the game!
You have escaped!

...# #...................#
...#####################(#.#
.........................#.#
#>########################.##
............................#
##############.##..##########
#..##.####### #...........#
###..@#.......#
#....##.....≈≈#
#.#.....§.§≈≈≈#
#..#..§§≈§§≈≈§#
#.....≈§≈§≈§§≈#
#....≈≈≈§≈≈≈≈≈#
#...≈§§≈≈≈≈≈≈§# #...≈≈≈≈§§§
#.. ≈≈§§§≈


There were no monsters in sight!

Vanquished Creatures
  A gnoll (D:1)
  2 ball pythons (D:1)
  A giant cockroach (D:1)
  4 goblins (D:1)
  2 hobgoblins (D:1)
  A quokka (D:1)
  A bat (D:1)
  A frilled lizard (D:1)
13 creatures vanquished.

Vanquished Creatures (others)
  34 foxfires (D:1)
34 creatures vanquished.

Grand Total: 47 creatures vanquished

Notes
Turn   | Place    | Note
-------+----------+-------------------------------------------
     0 | D:1      | raph the Djinni Fire Elementalist began the quest for the
                  | Orb.
     0 | D:1      | Reached XP level 1. HP: 15/15 MP: 0/0
   220 | D:1      | Reached XP level 2. HP: 16/22 MP: 0/0
   384 | D:1      | Reached XP level 3. HP: 8/26 MP: 0/0
   384 | D:1      | Learned a level 1 spell: Freeze
   913 | D:1      | Found a faded altar of an unknown god.
  1049 | D:1      | Became a worshipper of Trog the Wrathful
  1049 | D:1      | Reached * piety under Trog
  1110 | D:$      | Got out of the dungeon alive.

Illustrated notes

Levels and vault maps discovered:
D:1:      dpeg_arrival_lava_altar, layout_basic,
          hellmonk_ecumenical_altar_lost_god

Action                   || total
-------------------------++-------
Melee: Dagger            ||     3
 Cast: Foxfire           ||    23
Armor: Robe              ||     3
Dodge: Dodged            ||    15
